 Dungeon Crawl Stone Soup version 0.22-a0-433-gd2a9cce (webtiles) character file.

401112 Gorice the Impregnable (level 22, -1/178 HPs)
             Began as a Demonspawn Wanderer on May 25, 2018.
             Was the Champion of Okawaru.
             Slain by a phantasmal warrior (22 damage)
             ... summoned by a vampire mage
             ... on level 2 of the Crypt on May 27, 2018.
             The game lasted 05:42:28 (59435 turns).

Gorice the Impregnable (Demonspawn Wanderer)       Turns: 59435, Time: 05:42:28

Health: -1/178     AC: 47    Str: 26    XL:     22   Next: 28%
Magic:  31/31      EV: 20    Int: 10    God:    Okawaru [******]
Gold:   3843       SH:  0    Dex: 19    Spells: 23/23 levels left

rFire    + + .     SeeInvis +   a - +2 demon blade (freeze)
rCold    . . .     Gourm    .   (no shield)
rNeg     + + .     Faith    +   i - +2 plate armour {MR+}
rPois    +         Spirit   .   s - +2 helmet {SInv}
rElec    .         Reflect  .   e - +1 cloak "Nismil" {rF+ rN+}
rCorr    .         Harm     .   v - +2 pair of gloves {Str+3}
MR       +....                  (boots unavailable)
Stlth    ..........             p - amulet of faith {!P}
HPRegen  0.39/turn              T - ring of Robustness {AC+8}
MPRegen  0.22/turn              b - ring of Qeuroz {rN+ MR+ Str+3}

@: vulnerable, heroism, drained
A: talons 3, slimy green scales 3, demonic guardian 2, fire resistance 1, spiny
2, flame cloud immunity
}: 2/15 runes: barnacled, gossamer
a: Heroism, Finesse, Renounce Religion


You were on level 2 of the Crypt.
You worshipped Okawaru.
Okawaru was exalted by your worship.
You were near starving.

You visited 8 branches of the dungeon, and saw 38 of its levels.
You also visited: Labyrinth, Bailey and Ice Cave.

You collected 4561 gold pieces.
You spent 718 gold pieces at shops.

Inventory:

Hand Weapons
 a - a +2 demon blade of freezing (weapon)
   (Okawaru gifted it to you on level 4 of the Shoals)
 B - a +0 blowgun
Missiles
 d - 19 curare-tipped needles
 n - 5 javelins of penetration
 w - 23 poisoned tomahawks
 y - 7 needles of paralysis
 L - 14 javelins of returning (quivered)
 Z - 3 throwing nets
Armour
 e - the +1 cloak "Nismil" (worn) {rF+ rN+}
   (You found it on level 14 of the Dungeon)

   It protects you from fire.
   It protects you from negative energy.
 i - a +2 plate armour of magic resistance (worn)
   (You took it off an orc in a bailey)
 s - a +2 helmet of see invisible (worn)
   (You found it on level 13 of the Dungeon)
 v - a +2 pair of gloves of strength (worn)
   (You found it in an ice cave)
 O - a +1 cloak of magic resistance
   (You took it off Nikola on level 2 of the Shoals)
Jewellery
 b - the ring of Qeuroz (right hand) {rN+ MR+ Str+3}
   (You bought it in a shop on level 2 of the Orcish Mines)

   [ring of positive energy]

   It affects your strength (+3).
   It protects you from negative energy.
   It affects your resistance to hostile enchantments.
 c - an uncursed ring of protection from cold
 f - an uncursed ring of stealth
 p - an amulet of faith (around neck) {!P}
 u - a +3 ring of evasion
 C - an uncursed ring of resist corrosion
 F - an uncursed ring of protection from fire
 T - the ring of Robustness (left hand) {AC+8}
   (You took it off a merfolk aquamancer on level 4 of the Shoals)

   [ring of protection]

   It affects your AC (+8).
Wands
 h - a wand of digging (21)
 o - a wand of paralysis (64)
 D - a wand of scattershot (22)
 I - a wand of iceblast (17)
 J - a wand of clouds (11)
 M - a wand of acid (25)
 U - a wand of enslavement (33)
Scrolls
 l - a scroll of amnesia
 m - 16 scrolls of remove curse
 t - 6 scrolls of blinking
 x - 3 scrolls of fear {!r}
 E - 4 scrolls of magic mapping {!r}
 H - 12 scrolls of identify
 P - a scroll of summoning {!r}
 R - 3 scrolls of fog
 S - 9 scrolls of teleportation {!r}
Potions
 g - 3 potions of resistance {!q}
 j - 7 potions of might {!q}
 k - a potion of flight
 q - 5 potions of haste {!q}
 r - 2 potions of invisibility {!q}
 z - 15 potions of curing
 A - 3 potions of heal wounds {!q}
 G - a potion of cancellation {!q}
 V - 7 potions of agility {!q}
Miscellaneous
 W - 3 boxes of beasts
Comestibles
 X - 42 rations


   Skills:
 - Level 16.0(20.8) Fighting
 - Level 14.0(18.8) Long Blades
   Level 1.7(6.6) Axes
 - Level 12.0(16.8) Throwing
 + Level 21.4(26.2) Armour
 - Level 12.0(16.8) Dodging
 - Level 1.0(5.8) Stealth
 - Level 1.0(0.9) Spellcasting
   Level 1.0(0.9) Fire Magic
   Level 3.0(2.9) Poison Magic
 - Level 10.0(9.9) Invocations
 - Level 12.0(11.8) Evocations


You had 23 spell levels left.
You didn't know any spells.
Your spell library contained the following spells:

 Spells                   Type           Power        Failure   Level  Hunger
 Cause Fear               Hex            #.........   100%        4    #####..
 Magic Dart               Conj           #...         75%         1    ##.....
 Apportation              Tloc           #.....       75%         1    ##.....
 Conjure Flame            Conj/Fire      #.......     96%         3    ####...
 Lightning Bolt           Conj/Air       #.........   100%        5    ######.
 Bolt of Magma            Conj/Fire/Erth #.........   100%        5    ######.
 Slow                     Hex            #.......     87%         2    ###....
 Confuse                  Hex            #.......     98%         3    ####...
 Invisibility             Hex            #.......     100%        6    #######
 Mephitic Cloud           Conj/Pois/Air  #.......     93%         3    ####...
 Venom Bolt               Conj/Pois      #.........   100%        5    ######.
 Summon Small Mammal      Summ           #...         75%         1    ##.....
 Blink                    Tloc           N/A          87%         2    ###....
 Iskenderun's Mystic Bla  Conj           #.......     100%        4    #####..
 Animate Skeleton         Necr           N/A          75%         1    ##.....
 Summon Ice Beast         Ice/Summ       #.......     100%        4    #####..
 Call Imp                 Summ           #.......     87%         2    ###....
 Sting                    Conj/Pois      #...         54%         1    ##.....
 Tukima's Dance           Hex            #.......     98%         3    ####...
 Summon Demon             Summ           #.........   100%        5    ######.
 Iron Shot                Conj/Erth      #.........   100%        6    #######
 Shock                    Conj/Air       #...         75%         1    ##.....
 Swiftness                Chrm/Air       #.......     87%         2    ###....
 Recall                   Summ/Tloc      N/A          98%         3    ####...
 Dragon Form              Tmut           #.........   100%        7    #######
 Deflect Missiles         Chrm/Air       #.........   100%        6    #######
 Airstrike                Air            #.........   100%        4    #####..
 Shadow Creatures         Summ           N/A          100%        6    #######
 Confusing Touch          Hex            #.....       75%         1    ##.....
 Call Canine Familiar     Summ           #.......     98%         3    ####...
 Metabolic Englaciation   Hex/Ice        #.........   100%        5    ######.
 Summon Butterflies       Summ           #.......     75%         1    ##.....
 Silence                  Hex/Air        #.........   100%        5    ######.
 Static Discharge         Conj/Air       #.......     98%         3    ####...
 Alistair's Intoxication  Tmut/Pois      #.......     100%        5    ######.
 Petrify                  Tmut/Erth      #.......     100%        4    #####..
 Orb of Destruction       Conj           #.........   100%        7    #######
 Malign Gateway           Summ/Tloc      #.........   100%        7    #######
 Summon Hydra             Summ           #.........   100%        7    #######
 Aura of Abjuration       Summ           #.........   100%        5    ######.
 Iskenderun's Battlesphe  Conj/Chrm      #.......     100%        5    ######.
 Fulminant Prism          Conj/Hex       #.........   100%        4    #####..
 Dazzling Spray           Conj/Hex       #.....       98%         3    ####...
 Force Lance              Conj/Tloc      #.......     100%        4    #####..
 Searing Ray              Conj           #.....       87%         2    ###....
 Discord                  Hex            #.........   100%        8    #######
 Summon Forest            Summ/Tloc      #.........   100%        5    ######.
 Spellforged Servitor     Conj/Summ      #.........   100%        7    #######
 Summon Mana Viper        Hex/Summ       #.......     100%        5    ######.
 Gell's Gravitas          Tloc           #.........   98%         3    ####...
 Yara's Violent Unravell  Hex/Tmut       #.........   100%        5    ######.
 Lesser Beckoning         Tloc           #.........   98%         3    ####...


Dungeon Overview and Level Annotations

Branches:
Dungeon (15/15)            Temple (1/1) D:6            Lair (6/6) D:11
 Shoals (4/4) Lair:3       Spider (4/4) Lair:2        Slime (0/5) Lair:6
    Orc (2/2) D:11            Elf (0/3) Orc:2        Vaults (4/5) D:14
  Crypt (2/3) Vaults:3     Depths (0/5) D:15

Altars:
Ashenzari
Cheibriados
Dithmenos
Elyvilon
Fedhas
Gozag
Hepliaklqana
Kikubaaqudgha
Makhleb
Nemelex Xobeh
Okawaru
Qazlal
Ru
Sif Muna
Trog
Uskayaw
Vehumet
Wu Jian
Xom
Yredelemnul
Zin
The Shining One
Beogh
Jiyva

Shops:
D:4 }[!(   D:8 *   Orc:1 *   Orc:2 (=[}   Shoals:2 *   Vaults:4 =


Innate Abilities, Weirdness & Mutations

You have claws for feet.
You are completely covered in slimy green scales. (AC +4, rPois)
A demonic guardian rushes to your aid.
Your flesh is heat resistant. (rF+)
You are mostly covered in sharp spines.
You are immune to clouds of flame.


Message History

The golden dragon skeleton is smitten.
Unknown command.
The phantasmal warrior blinks!
The vampire mage is engulfed in a cloud of scalding steam.
Your smoke demon gestures at the golden dragon skeleton.
The golden dragon skeleton is smitten.
Quiver which item? (- for none, * to show all) (? for menu, Esc to quit)
Quivering
L - 14 javelins of returning for throwing.
Throwing (i - inventory. (/) - cycle)
L - 14 javelins of returning (quivered)
Press: ? - help, Shift-Dir - straight line, f - phantasmal warrior
Aim: a phantasmal warrior (lightly damaged, summoned)
You throw a javelin of returning.
The javelin of returning closely misses the phantasmal warrior.
The javelin of returning returns to your pack!
The phantasmal warrior blinks!
Unknown command.
You hit the gnoll skeleton.
You destroy the gnoll skeleton!
Your smoke demon gestures at the golden dragon skeleton.
The sticky flame hits the golden dragon skeleton.
The golden dragon skeleton is covered in liquid flames!
Unknown command.
You slice the vampire mage!! You freeze the vampire mage.
You claw the vampire mage.
The vampire mage is severely damaged.
Your smoke demon closely misses the vampire mage.
Your smoke demon hits the vampire mage.
Your smoke demon barely misses the vampire mage.
Unknown command.
You barely miss the vampire mage.
You claw the vampire mage, but do no damage.
The vampire mage is severely damaged.
The golden dragon skeleton burns!
The golden dragon skeleton is engulfed in a cloud of scalding steam.
The phantasmal warrior hits you!
* * * LOW HITPOINT WARNING * * *
The vampire mage is infused with unholy energy.
* * * LOW HITPOINT WARNING * * *
The vampire mage draws life force from you and is healed!
Damage: 14 (max 16)
You barely miss the vampire mage. Your kick misses the vampire mage.
The vampire mage is severely damaged.
Your smoke demon barely misses the vampire mage.
Your smoke demon hits the vampire mage.
Your smoke demon barely misses the vampire mage.
Unknown command.
You barely miss the vampire mage. You claw the vampire mage!
The vampire mage is almost destroyed.
The golden dragon skeleton burns!
The phantasmal warrior hits you!!
You die...

## .# ###..##.##...#
##.##..#.##...#
#†..#....##...## #
##..†##...##....#
..#.#.†...#.........#
....?.MZ.W#.........#####
......M..§#@W....#.......
.........ZV3.....).......
.....†...†#...##...#.#.#.
.[........#..###.).....
..#.#.....#..###..#.#.# .
#.##...##............. .
#$†.#....#..#.#.#.#.
##.##...#........ . ####
#####..###..#.#.#.#


You could see a vampire mage (invisible), a phantasmal warrior, a golden dragon
skeleton (burning) and a friendly smoke demon.

Vanquished Creatures
  Bai Suzhen (Spider:3)
  Nikola (Shoals:2)
  Arachne (Spider:2)
  A lich (Crypt:1)
  An Ice Fiend (IceCv)
  2 sphinxes
  Agnes (Spider:4)
  5 krakens
  Kirke (Spider:3)
  A storm dragon (Vaults:4)
  Ilsuiw (Shoals:4)
  2 revenants (Crypt:1)
  A frost giant (Vaults:2)
  2 fire giants
  Louise (Shoals:2)
  3 ghost moths (Spider:4)
  Aizul (Shoals:1)
  An orc warlord (Orc:1)
  A curse skull (Crypt:2)
  8 vault wardens
  12 ironheart preservers
  A reaper (Crypt:2)
  3 emperor scorpions (Spider:4)
  2 very ugly things (Vaults:1)
  A ghoul (Crypt:2)
  4 stone giants
  A caustic shrike skeleton (Crypt:1)
  5 vampire knights
  4 entropy weavers
  Nessos (Orc:2)
  A minotaur (Lab)
  A spark wasp (Spider:3)
  6 merfolk javelineers (Shoals:4)
  2 eidola (Crypt:2)
  An ettin (Vaults:4)
  2 deep elf death magi (Crypt:1)
  Erolcha (Orc:1)
  6 yaktaur captains
  A deep elf high priest (D:15)
  A quicksilver dragon skeleton (Crypt:1)
  2 great orbs of eyes (Vaults:1)
  6 merfolk impalers
  2 jiangshi (Crypt:1)
  2 rakshasas
  9 ogre magi
  2 ice dragons
  10 vault guards
  10 hydras
  6 merfolk avatars
  3 catoblepae
  3 death knights
  An alligator snapping turtle (Shoals:4)
  A satyr (Shoals:3)
  A dancing weapon (Vaults:2)
  6 centaur warriors
  30 two-headed ogres
  Erica (D:10)
  A deep troll earth mage (Vaults:3)
  3 vampire magi
  15 death yaks
  2 deep troll shamans
  5 merfolk aquamancers (Shoals:4)
  Sonja (D:10)
  Nergalle (Lair:1)
  2 titan skeletons (Crypt:1)
  A fire crab (shapeshifter) (Vaults:1)
  A golden dragon zombie (Crypt:1)
  An unseen horror (shapeshifter) (Vaults:3)
  13 sea snakes
  3 storm dragon skeletons (Crypt:1)
  A glowing orange brain (D:13)
  36 skeletal warriors
  4 unseen horrors
  12 deep trolls
  15 ironbrand convokers
  A flayed ghost (Vaults:3)
  2 golden dragon skeletons (Crypt:1)
  6 wizards
  An anaconda skeleton (Crypt:1)
  A wolf spider zombie (D:13)
  5 phantasmal warriors
  4 deep elf archers
  20 harpies
  18 orc knights
  A frost giant zombie (Vaults:4)
  A stone giant zombie (Crypt:2)
  4 deep elf magi
  2 orc sorcerers
  A sphinx skeleton (Vaults:3)
  4 necromancers
  An oklob plant (Lair:6)
  12 orb spiders
  20 ugly things
  29 wolf spiders
  13 manticores
  7 frost giant skeletons (Crypt:1)
  A shadow dragon skeleton (Vaults:3)
  10 fauns
  A fire giant zombie (Crypt:1)
  A fire giant skeleton (Crypt:1)
  11 cyclopes
  A shock serpent zombie (Crypt:1)
  A salamander (shapeshifter) (Vaults:4)
  A guardian serpent (shapeshifter) (Vaults:1)
  A moth of wrath (Spider:4)
  A dire elephant zombie (Crypt:2)
  7 black mambas
  2 elephants (Lair:6)
  2 torpor snails
  14 merfolk sirens
  3 ice statues
  A storm dragon simulacrum (Vaults:2)
  18 vault sentinels
  A centaur zombie (D:15)
  3 gargoyles
  9 spiny frogs
  8 water nymphs
  A shock serpent skeleton (Crypt:1)
  A spiny frog (shapeshifter) (Vaults:1)
  2 efreet (D:13)
  4 centaur skeletons
  A komodo dragon (shapeshifter) (Vaults:2)
  3 kobold demonologists (D:15)
  26 yaktaurs
  A white draconian zombie (Crypt:2)
  2 rime drakes (Shoals:4)
  15 freezing wraiths
  4 komodo dragons
  A yaktaur zombie (Vaults:3)
  8 ice devils (IceCv)
  2 anaconda simulacra (IceCv)
  An entropy weaver simulacrum (Vaults:3)
  13 demonic crawlers
  7 trolls
  10 wind drakes
  36 jumping spiders
  2 hydra zombies
  A wolf spider simulacrum (Crypt:2)
  A wind drake (shapeshifter) (Vaults:1)
  2 polar bears
  7 hornets
  A jumping spider (shapeshifter) (Vaults:4)
  23 merfolk
  2 polar bears (shapeshifter)
  17 hippogriffs
  2 bog bodies (Crypt:2)
  23 slime creatures
  4 blink frogs (Lair:6)
  A frost giant simulacrum (Vaults:2)
  15 dream sheep
  13 snapping turtles
  2 fire giant simulacra
  An ice dragon skeleton (Crypt:1)
  A fire dragon skeleton (Crypt:1)
  2 ettin skeletons
  19 flying skulls (Crypt:1)
  7 water elementals
  88 redbacks
  5 shadows
  2 centaur simulacra
  4 vampires
  29 tarantellas
  A wyvern (Lair:2)
  3 dire elephant simulacra (IceCv)
  57 yaks
  2 black mamba skeletons (Crypt:1)
  11 wraiths
  5 hogs (Spider:3)
  A basilisk (D:13)
  A human (shapeshifter) (Vaults:2)
  3 fire elementals (Orc:1)
  6 steam dragons
  4 hungry ghosts
  3 harpy simulacra (IceCv)
  A warg (Vaults:3)
  3 acid dragons
  2 iron troll simulacra (IceCv)
  8 hydra simulacra (IceCv)
  11 water moccasins
  2 hell hounds
  A hornet zombie (D:15)
  An ettin simulacrum (IceCv)
  6 porcupines
  2 black bears
  An eye of draining (D:12)
  3 ice beasts
  A fire dragon simulacrum (Crypt:1)
  64 orc warriors
  2 necrophages
  32 wolves
  A wolf (shapeshifter) (Vaults:3)
  2 snapping turtle skeletons (Crypt:1)
  A boggart (Vaults:1)
  19 centaurs
  39 ogres
  A swamp dragon skeleton (Crypt:1)
  16 crocodiles
  2 human zombies (Vaults:4)
  7 big kobolds
  11 bullfrogs
  A spiny frog simulacrum (Crypt:1)
  A gnoll sergeant (D:9)
  7 jellies
  3 scorpions
  An elephant simulacrum (IceCv)
  5 wights
  An electric eel (Lair:5)
  3 howler monkeys
  6 crimson imps
  The ghost of Tiareth the Magician, a weakling DEWz (D:6)
  2 draconian simulacra (IceCv)
  A quasit (D:7)
  A wyvern simulacrum (D:15)
  5 hounds
  25 orc priests
  2 iguanas
  A soldier ant zombie (Crypt:1)
  Jessica (D:2)
  A bullfrog skeleton (D:11)
  Ijyb (D:3)
  Natasha (twice) (D:2)
  21 orc wizards
  6 troll simulacra (IceCv)
  6 worker ants
  A demigod skeleton (Crypt:1)
  A tengu skeleton (Crypt:1)
  3 hound skeletons
  9 adders
  7 gnolls (D:2)
  A naga simulacrum (IceCv)
  An ogre simulacrum (IceCv)
  2 shadow imps
  7 white imps (IceCv)
  8 ufetubi (IceCv)
  An ooze (D:2)
  An adder zombie (D:9)
  2 worms (D:3)
  2 dart slugs
  2 leopard geckos
  96 orcs
  6 giant cockroaches
  13 goblins
  4 hobgoblins (D:1)
  20 jackals
  14 kobolds
  4 quokkas
  A ball python (D:3)
  7 bats
  5 frilled lizards
  A gnoll skeleton (Crypt:2)
  A goblin skeleton (Crypt:2)
  A jackal zombie (D:5)
  An orc simulacrum (Crypt:1)
  An orc skeleton (Crypt:2)
  A quokka skeleton (D:10)
  9 rats
  A rat skeleton (Crypt:1)
  A spectral orc (D:3)
  A fungus (Lair:2)
  5 plants
  13 tentacles
1660 creatures vanquished.

Vanquished Creatures (collateral kills)
  Polyphemus (Shoals:2)
  A kraken (Shoals:3)
  An orc warlord (Orc:1)
  A ghoul (Vaults:1)
  An entropy weaver (Spider:2)
  4 stone giants
  A vampire knight (Crypt:1)
  A dire elephant (Lair:6)
  A spark wasp (Spider:4)
  Azrael (Orc:2)
  A merfolk impaler (Shoals:1)
  A fire dragon (Vaults:1)
  Josephine (D:10)
  A vault guard (D:14)
  11 two-headed ogres
  2 centaur warriors (D:15)
  2 merfolk aquamancers (Shoals:4)
  A merfolk avatar (Shoals:4)
  3 ogre magi
  A vampire mage (Crypt:2)
  An orc high priest (Orc:1)
  A slime creature (D:12)
  2 sea snakes
  A deep troll (Vaults:3)
  A phantasmal warrior (Crypt:1)
  2 orb spiders
  A deep elf mage (Vaults:4)
  2 ugly things (D:14)
  2 wolf spiders
  A cyclops (Vaults:2)
  An oklob plant (Lair:2)
  A torpor snail (Spider:1)
  A gargoyle (D:13)
  2 spiny frogs
  A komodo dragon (shapeshifter) (Vaults:2)
  A yaktaur (Vaults:3)
  A demonic crawler (Spider:1)
  A troll (Orc:2)
  A jumping spider (Spider:4)
  3 merfolk (Shoals:3)
  2 dream sheep
  3 blink frogs (Lair:6)
  A hippogriff (Lair:3)
  3 redbacks
  A shadow (D:13)
  4 tarantellas
  5 yaks
  2 wraiths (D:10)
  3 orc warriors
  A black bear (D:6)
  8 ogres
  A centaur (D:6)
  2 big kobolds (D:15)
  2 bullfrogs
  A bullfrog zombie (D:11)
  4 orc priests
  An orc wizard (D:15)
  A worker ant (D:9)
  A gnoll (D:2)
  7 orcs
  A ball python (D:2)
  A frilled lizard (D:5)
  3 kobolds (D:8)
  An orc skeleton (Crypt:1)
  2 tentacles (Shoals:3)
125 creatures vanquished.

Vanquished Creatures (others)
  A manticore (Shoals:2)
  A faun (Shoals:3)
  A slime creature (D:15)
  A swamp drake (D:11)
  An ogre (Vaults:2)
  A necrophage (Crypt:2)
  An orc wizard (Orc:1)
  An orc (D:11)
  17 fungi
  28 plants
  20 tentacles
73 creatures vanquished.

Grand Total: 1858 creatures vanquished

Notes
Turn   | Place    | Note
-------+----------+-------------------------------------------
     0 | D:1      | Gorice the Demonspawn Wanderer began the quest for the Orb.
     0 | D:1      | Gorice set off with: a +2 dagger, a scroll of blinking, a +0 hand axe, a +0 robe, a ration
     0 | D:1      | Reached XP level 1. HP: 13/13 MP: 2/2
    54 | D:1      | Reached skill level 1 in Fighting
   117 | D:1      | HP: 2/15 [hobgoblin/club (3)]
   382 | D:1      | Gained mutation: A weak demonic guardian rushes to your aid. [demonic ancestry]
   382 | D:1      | Reached XP level 2. HP: 22/22 MP: 3/3
   504 | D:1      | Reached skill level 2 in Fighting
  1053 | D:2      | Gained mutation: You have sharp toenails. [demonic ancestry]
  1053 | D:2      | Reached XP level 3. HP: 25/28 MP: 4/4
  1191 | D:2      | Reached skill level 3 in Fighting
  1240 | D:2      | Noticed Jessica
  1248 | D:2      | Killed Jessica
  1248 | D:2      | Reached skill level 2 in Armour
  1248 | D:2      | Reached XP level 4. HP: 32/35 MP: 5/5
  1487 | D:2      | Reached skill level 4 in Fighting
  1490 | D:2      | Gained mutation: You are partially covered in sharp spines. [demonic ancestry]
  1490 | D:2      | Reached XP level 5. HP: 27/42 MP: 6/6
  1563 | D:2      | Noticed Natasha
  1565 | D:2      | Killed Natasha
  1693 | D:2      | Noticed Natasha
  1698 | D:2      | Killed Natasha
  2223 | D:3      | Noticed Ijyb
  2224 | D:3      | Paralysed by Ijyb for 7 turns
  2235 | D:3      | Killed Ijyb
  2235 | D:3      | Reached XP level 6. HP: 33/50 MP: 7/7
  2490 | D:3      | Reached skill level 5 in Fighting
  2513 | D:3      | Found a basalt altar of Yredelemnul.
  2567 | D:4      | Reached skill level 3 in Armour
  2569 | D:4      | Found Kiula Qod's Gadget Boutique.
  2770 | D:4      | Found Okashuul's Distillery.
  2772 | D:4      | Found a hide-covered altar of Uskayaw.
  2793 | D:4      | Bought a potion of curing for 33 gold pieces
  2793 | D:4      | Bought a potion of heal wounds for 55 gold pieces
  2807 | D:4      | Found Fegips's Armour Shoppe.
  2847 | D:4      | Found a deep blue altar of Sif Muna.
  2872 | D:4      | Found a sparkling altar of Nemelex Xobeh.
  2873 | D:4      | Found a shattered altar of Ashenzari.
  2912 | D:4      | Found a radiant altar of Vehumet.
  3012 | D:4      | Found Tiwofe's Weapon Emporium.
  3125 | D:5      | Entered Level 5 of the Dungeon
  3253 | D:5      | HP: 14/52 [scorpion (3)]
  3254 | D:5      | Reached skill level 6 in Fighting
  3254 | D:5      | Reached XP level 7. HP: 16/58 MP: 8/8
  4157 | D:6      | Reached skill level 4 in Armour
  4198 | D:6      | Found a staircase to the Ecumenical Temple.
  4220 | D:6      | Noticed Tiareth's ghost (weakling DEWz)
  4226 | D:6      | Killed Tiareth's ghost
  4268 | Temple   | Entered the Ecumenical Temple
  4333 | Temple   | Became a worshipper of Warmaster Okawaru
  4394 | D:6      | HP: 14/59 [centaur/arrow (6)]
  4600 | D:6      | Reached skill level 7 in Fighting
  4627 | D:6      | Gained mutation: You are partially covered in slimy green scales. (AC +2) [demonic ancestry]
  4627 | D:6      | Reached XP level 8. HP: 40/67 MP: 9/9
  4694 | D:6      | Reached * piety under Okawaru
  4724 | D:6      | Found a sacrificial altar of Ru.
  4848 | D:6      | Found a burning altar of Makhleb.
  5352 | D:7      | Reached skill level 8 in Fighting
  5352 | D:7      | Reached skill level 5 in Armour
  5497 | D:7      | Found an ornate altar of the Wu Jian Council.
  6082 | D:4      | Bought a +2 cloak for 181 gold pieces
  6373 | D:8      | Reached skill level 9 in Fighting
  6493 | D:8      | Found a hazy altar of Hepliaklqana.
  6571 | D:8      | Reached ** piety under Okawaru
  6582 | D:8      | Noticed a hippogriff
  6589 | D:8      | Killed a hippogriff
  6589 | D:8      | Reached skill level 6 in Armour
  6749 | D:8      | Found Nagrympe's General Store.
  6813 | D:8      | Gained mutation: You are mostly covered in slimy green scales. (AC +3) [demonic ancestry]
  6813 | D:8      | Reached XP level 9. HP: 73/77 MP: 10/10
  6907 | D:8      | Reached skill level 1 in Invocations
  6993 | D:8      | Reached skill level 2 in Invocations
  7000 | D:8      | Reached skill level 10 in Fighting
  7013 | D:8      | Reached *** piety under Okawaru
  7013 | D:8      | Reached skill level 3 in Invocations
  7020 | D:8      | Noticed a two-headed hydra
  7035 | D:8      | HP: 18/79 [orc priest/divine providence (17)]
  7223 | D:8      | Killed a two-headed hydra
  7223 | D:8      | Reached skill level 11 in Fighting
  7223 | D:8      | Reached skill level 7 in Armour
  7223 | D:8      | Reached skill level 5 in Invocations
  7435 | D:8      | Identified the +1 lajatang of the Pits of Slime {protect, rElec Str+4 Int-4} (You found it on level 8 of the Dungeon)
  7734 | D:9      | Gained mutation: You are completely covered in slimy green scales. (AC +4, rPois) [demonic ancestry]
  7734 | D:9      | Reached XP level 10. HP: 85/87 MP: 13/13
  7740 | D:9      | Reached **** piety under Okawaru
  7803 | D:9      | Got a steaming scale mail
  7956 | D:9      | Found a shimmering altar of Xom.
  7993 | D:9      | Found a flagged portal.
  8101 | D:9      | Reached skill level 8 in Armour
  8182 | Bailey   | Entered a bailey
  8294 | Bailey   | HP: 26/89 [orc warrior/spear (10)]
  8700 | Bailey   | Reached skill level 12 in Fighting
  8702 | Bailey   | Received a gift from Okawaru
  8784 | Bailey   | Got an ichor-stained chain mail
  8838 | Bailey   | Identified the +4 chain mail of Hairiness {rPois rN+ MR+} (You took it off an orc in a bailey)
  8848 | Bailey   | Identified the +3 scale mail of Efir {rElec} (You found it on level 9 of the Dungeon)
  8945 | D:9      | Found a blossoming altar of Fedhas.
  8954 | D:9      | Found a stormy altar of Qazlal.
  9032 | D:9      | Reached ***** piety under Okawaru
  9035 | D:9      | Reached skill level 9 in Armour
  9123 | D:9      | Received a gift from Okawaru
  9124 | D:9      | Got an encrusted ring mail {god gift}
  9290 | D:9      | Identified the +2 ring mail "Yheny" {rC+ Slay+2} (Okawaru gifted it to you on level 9 of the Dungeon)
  9443 | D:9      | Reached XP level 11. HP: 95/95 MP: 14/14
  9962 | D:10     | Entered Level 10 of the Dungeon
  9962 | D:10     | Noticed Sonja
  9973 | D:10     | Killed Sonja
  9982 | D:10     | Noticed Erica
  9998 | D:10     | Killed Erica
 10225 | D:10     | Reached skill level 13 in Fighting
 10297 | D:10     | Noticed Josephine
 10316 | D:10     | Reached skill level 10 in Armour
 10333 | D:10     | Killed Josephine
 11239 | D:11     | Found a staircase to the Lair.
 11709 | D:11     | Found a staircase to the Orcish Mines.
 11985 | Lair:1   | Entered Level 1 of the Lair of Beasts
 12135 | Lair:1   | Reached skill level 1 in Long Blades
 12146 | Lair:1   | Reached skill level 2 in Long Blades
 12275 | Lair:1   | Reached skill level 3 in Long Blades
 12585 | Lair:1   | Noticed Nergalle
 12608 | Lair:1   | Killed Nergalle
 12608 | Lair:1   | Reached skill level 11 in Armour
 12874 | Lair:2   | Reached XP level 12. HP: 103/105 MP: 15/15
 12885 | Lair:2   | Received a gift from Okawaru
 12897 | Lair:2   | Noticed an eight-headed hydra
 12903 | Lair:2   | Killed a six-headed hydra
 12903 | Lair:2   | Reached skill level 4 in Long Blades
 12908 | Lair:2   | Reached skill level 14 in Fighting
 13037 | Lair:2   | Found a labyrinth entrance.
 13069 | Lair:2   | Reached skill level 5 in Long Blades
 13084 | Lab      | Entered a labyrinth
 15077 | Lab      | Noticed a minotaur
 15096 | Lab      | Killed a minotaur
 15096 | Lab      | Received a gift from Okawaru
 15097 | Lab      | Got a shimmering hunting sling {god gift}
 15132 | Lab      | Identified the +1 hunting sling of the Warrior {venom, rPois Stlth+} (Okawaru gifted it to you in a labyrinth)
 15246 | Lair:2   | Identified The Intricacies of Spellcraft
 15265 | Lair:2   | Reached skill level 6 in Long Blades
 15296 | Lair:2   | Reached ****** piety under Okawaru
 15323 | Lair:2   | Found a hole to the Spider Nest.
 15697 | Lair:2   | Upgraded the game from 0.22-a0-429-g97ce8ef to 0.22-a0-430-g6609fc6
 16175 | Lair:3   | Noticed a five-headed hydra
 16182 | Lair:3   | Noticed a catoblepas
 16277 | Lair:3   | Reached skill level 7 in Long Blades
 16395 | Lair:3   | Received a gift from Okawaru
 16448 | Lair:3   | Killed a one-headed hydra
 16449 | Lair:3   | Found a staircase to the Shoals.
 17115 | Lair:4   | Got a dazzling ring mail
 17129 | Lair:4   | Noticed a five-headed hydra
 17136 | Lair:4   | Killed a four-headed hydra
 17144 | Lair:4   | Gained mutation: You are mostly covered in sharp spines. [demonic ancestry]
 17144 | Lair:4   | Reached XP level 13. HP: 109/113 MP: 16/16
 17326 | Lair:4   | Reached skill level 8 in Long Blades
 17634 | Lair:4   | Reached skill level 12 in Armour
 18153 | Lair:4   | Reached skill level 9 in Long Blades
 18171 | Lair:4   | Received a gift from Okawaru
 18171 | Lair:4   | Reached skill level 15 in Fighting
 18189 | Lair:4   | Got a smoking cloak {god gift}
 18204 | Lair:4   | Identified the +0 cloak of Forking Paths {Str+7} (Okawaru gifted it to you on level 4 of the Lair of Beasts)
 18840 | Lair:5   | Identified the +4 ring mail "Kyfaph" {*Slow rElec Int+7 SInv} (You found it on level 4 of the Lair of Beasts)
 19729 | Lair:6   | Entered Level 6 of the Lair of Beasts
 19878 | Lair:6   | Reached skill level 10 in Long Blades
 20048 | Lair:6   | Received a gift from Okawaru
 20049 | Lair:6   | Got an opal-encrusted scale mail {god gift}
 20254 | Lair:6   | Found a viscous altar of Jiyva.
 20254 | Lair:6   | Found a staircase to the Slime Pits.
 20423 | Lair:6   | Gained mutation: A demonic guardian rushes to your aid. [demonic ancestry]
 20423 | Lair:6   | Reached XP level 14. HP: 105/122 MP: 17/17
 21717 | Lair:6   | Reached skill level 11 in Long Blades
 21848 | Lair:6   | Received a gift from Okawaru
 21848 | Lair:6   | Reached skill level 13 in Armour
 22119 | Lair:1   | Identified the +0 scale mail "Mygrah Comm" {-Tele rN++} (Okawaru gifted it to you on level 6 of the Lair of Beasts)
 22202 | Orc:1    | Entered Level 1 of the Orcish Mines
 22343 | Orc:1    | Noticed Erolcha
 22350 | Orc:1    | Killed Erolcha
 22627 | Orc:1    | Noticed an orc warlord
 22644 | Orc:1    | Killed an orc warlord
 23304 | Orc:1    | Found a roughly hewn altar of Beogh.
 23597 | Orc:1    | Noticed an orc warlord
 23638 | Orc:1    | HP: 32/123 [troll (9)]
 23642 | Orc:1    | HP: 14/123 [orc warlord/great sword of pain (19)]
 24036 | Orc:1    | HP: 31/123 [orc warlord/great sword of pain (42)]
 24037 | Orc:1    | Killed an orc warlord
 24037 | Orc:1    | HP: 7/123 [orc warrior/glaive (22)]
 24581 | Orc:1    | Received a gift from Okawaru
 24598 | Orc:1    | Got a pair of pitted boots {god gift}
 24606 | D:11     | Identified the +2 pair of boots of Amelioration {-Tele rPois rN+} (Okawaru gifted it to you on level 1 of the Orcish Mines)
 24740 | Orc:2    | Entered Level 2 of the Orcish Mines
 24740 | Orc:2    | Found a staircase to the Elven Halls.
 24742 | Orc:2    | Noticed Azrael
 24745 | Orc:2    | Noticed Nessos
 25018 | Orc:2    | Killed Nessos
 25018 | Orc:2    | Reached skill level 12 in Long Blades
 25020 | Orc:2    | Killed Azrael
 25149 | Orc:1    | Reached skill level 16 in Fighting
 25176 | Orc:1    | Found Igayhud's Assorted Antiques.
 25372 | Orc:2    | Noticed a stone giant
 25403 | Orc:2    | Killed a stone giant
 25833 | Orc:2    | Received a gift from Okawaru
 25886 | Orc:2    | Reached XP level 15. HP: 100/130 MP: 18/18
 26047 | Orc:2    | Reached skill level 13 in Long Blades
 26572 | Orc:2    | Found Diam Omo's Weapon Emporium.
 26572 | Orc:2    | Found Egod's Armour Shop.
 26572 | Orc:2    | Found Tulou's Jewellery Shop.
 26572 | Orc:2    | Found Selomne's Gadget Shoppe.
 26581 | Orc:2    | Bought a cursed amulet of inaccuracy for 22 gold pieces
 27458 | D:12     | Reached skill level 14 in Armour
 27997 | D:13     | Received a gift from Okawaru
 28005 | D:13     | Got a shimmering great sword {god gift}
 28006 | D:13     | Identified the +4 great sword of Dust {elec, *Drain rPois rN+ Dex+4} (Okawaru gifted it to you on level 13 of the Dungeon)
 29515 | D:14     | Received a gift from Okawaru
 29884 | D:14     | Reached skill level 14 in Long Blades
 30162 | D:14     | Found a gate to the Vaults.
 30174 | D:14     | Reached skill level 15 in Armour
 30209 | D:14     | HP: 39/130 [vault guard/glaive (16)]
 30223 | D:14     | HP: 18/130 [vault guard/long sword of slicing (7)]
 30345 | Lair:1   | Identified a scroll of acquirement
 30353 | Lair:1   | HP: 32/130 [/a scroll of torment (24)]
 30447 | D:14     | Got a spiked cloak
 30448 | D:14     | Identified the +1 cloak "Nismil" {rF+ rN+} (You found it on level 14 of the Dungeon)
 30646 | D:14     | Found a deep blue altar of Sif Muna.
 30829 | D:15     | Entered Level 15 of the Dungeon
 30932 | D:15     | Received a gift from Okawaru
 30943 | D:15     | Received a gift from Okawaru
 30944 | D:15     | Got a crystal great sword {god gift}
 31077 | D:15     | Gained mutation: You have razor-sharp toenails. [demonic ancestry]
 31077 | D:15     | Reached XP level 16. HP: 76/137 MP: 19/19
 31347 | D:15     | Reached skill level 1 in Evocations
 31442 | D:15     | Reached skill level 2 in Evocations
 31698 | D:15     | Found a staircase to the Depths.
 31860 | D:15     | Found a radiant altar of Vehumet.
 31869 | D:15     | Reached skill level 3 in Evocations
 31902 | D:15     | Reached skill level 16 in Armour
 32066 | D:15     | Received a gift from Okawaru
 32299 | D:15     | Found a runed door.
 32302 | D:15     | Noticed a sphinx
 32329 | D:15     | Reached skill level 1 in Dodging
 32334 | D:15     | Killed a sphinx
 32334 | D:15     | Reached skill level 2 in Throwing
 32340 | D:15     | Reached skill level 4 in Evocations
 32505 | Lair:1   | Identified the +5 great sword of Bioj {protect, Dex+4} (Okawaru gifted it to you on level 15 of the Dungeon)
 32596 | Spider:1 | Entered Level 1 of the Spider Nest
 32616 | Spider:1 | Reached skill level 2 in Dodging
 33171 | Spider:1 | Received a gift from Okawaru
 33171 | Spider:1 | Reached skill level 3 in Throwing
 33281 | Spider:1 | Reached skill level 3 in Dodging
 33306 | Spider:1 | HP: 38/137 [wolf spider (9)]
 33313 | Spider:1 | Reached skill level 5 in Evocations
 34172 | Spider:2 | Noticed Arachne
 34209 | Spider:2 | Killed Arachne
 34209 | Spider:2 | Reached skill level 4 in Throwing
 34386 | Spider:2 | Reached skill level 4 in Dodging
 34415 | Spider:2 | HP: 39/137 [entropy weaver (6)]
 34417 | Spider:2 | Received a gift from Okawaru
 34610 | Spider:2 | Reached skill level 6 in Evocations
 35062 | Spider:2 | Received a gift from Okawaru
 35077 | Spider:2 | Reached skill level 5 in Throwing
 35204 | Spider:2 | Received a gift from Okawaru
 35319 | Spider:3 | Reached skill level 5 in Dodging
 35593 | Spider:3 | Noticed Kirke
 35622 | Spider:3 | Killed Kirke
 35701 | Spider:3 | Reached skill level 7 in Evocations
 35765 | Spider:3 | Noticed Bai Suzhen
 35785 | Spider:3 | Received a gift from Okawaru
 35788 | Spider:3 | Killed Bai Suzhen
 35788 | Spider:3 | Reached skill level 6 in Throwing
 35788 | Spider:3 | Gained mutation: You have claws for feet. [demonic ancestry]
 35788 | Spider:3 | Reached XP level 17. HP: 94/144 MP: 16/22
 35816 | Spider:3 | Got a warped scale mail {god gift}
 36010 | Spider:3 | Reached skill level 6 in Dodging
 36985 | Spider:4 | Entered Level 4 of the Spider Nest
 37215 | Spider:4 | Reached skill level 8 in Evocations
 37790 | Spider:4 | Reached skill level 7 in Throwing
 37929 | Spider:4 | Noticed Agnes
 37937 | Spider:4 | Killed Agnes
 37937 | Spider:4 | Reached skill level 7 in Dodging
 38045 | Spider:4 | Received a gift from Okawaru
 38046 | Spider:4 | Got a faintly humming hat {god gift}
 38059 | Spider:4 | Identified the +0 hat "Xageg" {rF+} (Okawaru gifted it to you on level 4 of the Spider Nest)
 38328 | Spider:4 | Got a steaming bronze ring
 38329 | Spider:4 | Identified the ring of Yendor {rPois rF- Str+3 Slay+2 SInv} (You found it on level 4 of the Spider Nest)
 38548 | Spider:4 | Reached skill level 9 in Evocations
 38679 | Spider:4 | Reached skill level 8 in Throwing
 38965 | Spider:4 | Got a gossamer rune of Zot
 39325 | Shoals:1 | Entered Level 1 of the Shoals
 39366 | Shoals:1 | Found a frozen archway.
 39379 | Shoals:1 | Reached skill level 8 in Dodging
 39577 | IceCv    | Entered an ice cave
 39719 | IceCv    | Received a gift from Okawaru
 40513 | IceCv    | Reached skill level 8 in Invocations
 40513 | IceCv    | Gained mutation: Your flesh is heat resistant. (rF+) [demonic ancestry]
 40513 | IceCv    | Reached XP level 18. HP: 124/151 MP: 25/25
 40736 | IceCv    | Noticed an Ice Fiend
 40760 | IceCv    | HP: 42/151 [Ice Fiend (14)]
 40773 | IceCv    | Killed an Ice Fiend
 40774 | IceCv    | HP: 44/151 [eight-headed hydra simulacrum (7)]
 41318 | Shoals:1 | Reached skill level 10 in Evocations
 41456 | Shoals:1 | Got a transparent turquoise ring
 41457 | Shoals:1 | Identified the cursed ring "Loivuo" {rElec AC-3} (You found it on level 1 of the Shoals)
 42006 | Shoals:2 | Found Ofymido's General Store.
 42014 | Shoals:2 | Reached XP level 19. HP: 140/157 MP: 26/26
 42086 | Shoals:2 | Reached skill level 9 in Throwing
 42275 | Shoals:2 | Noticed Louise
 42306 | Shoals:2 | Killed Louise
 42306 | Shoals:2 | Reached skill level 9 in Dodging
 42509 | Shoals:2 | Noticed Aizul
 42509 | Shoals:2 | Noticed Nikola
 42535 | Shoals:1 | Killed Aizul
 42735 | Shoals:2 | Killed Nikola
 42792 | Shoals:2 | Received a gift from Okawaru
 43062 | Shoals:2 | Noticed Polyphemus
 43087 | Shoals:2 | Killed Polyphemus
 43569 | Shoals:3 | Reached skill level 11 in Evocations
 44155 | Shoals:3 | Reached skill level 10 in Throwing
 44475 | Shoals:3 | Reached skill level 10 in Dodging
 45366 | Shoals:4 | Entered Level 4 of the Shoals
 45580 | Shoals:4 | HP: 37/157 [snapping turtle (15)]
 45595 | Shoals:4 | Received a gift from Okawaru
 46059 | Shoals:4 | Received a gift from Okawaru
 46677 | Shoals:4 | Reached skill level 12 in Evocations
 46768 | Shoals:4 | Received a gift from Okawaru
 46837 | Shoals:4 | --aquamancer carrying =Robustness - nice!
 47108 | Shoals:4 | HP: 37/157 [cyclops/large rock (19)]
 47109 | Shoals:4 | Reached skill level 11 in Throwing
 47119 | Shoals:4 | HP: 30/157 [merfolk javelineer/javelin (13)]
 47129 | Shoals:4 | HP: 39/157 [snapping turtle (2)]
 47696 | Shoals:4 | Reached skill level 11 in Dodging
 48102 | Shoals:4 | Got a barnacled rune of Zot
 48148 | Shoals:4 | Noticed Ilsuiw
 48190 | Shoals:4 | Killed Ilsuiw
 48227 | Shoals:4 | Got a fine lajatang {freeze}
 48232 | Shoals:4 | Identified the +5 lajatang "Vuogurr" {freeze, rElec Dex+3} (You took it off a merfolk siren on level 4 of the Shoals)
 48603 | Vaults:1 | Entered Level 1 of the Vaults
 48614 | Vaults:1 | Gained mutation: You are immune to clouds of flame. [demonic ancestry]
 48614 | Vaults:1 | Reached XP level 20. HP: 158/164 MP: 29/29
 49355 | Vaults:1 | Reached skill level 12 in Throwing
 49373 | Vaults:1 | Received a gift from Okawaru
 49507 | Vaults:1 | Reached skill level 12 in Dodging
 49769 | Vaults:1 | Reached skill level 9 in Invocations
 50242 | Vaults:2 | Received a gift from Okawaru
 50252 | Vaults:2 | Reached skill level 10 in Invocations
 50446 | Vaults:2 | Received a gift from Okawaru
 50806 | Vaults:2 | Received a gift from Okawaru
 50826 | Vaults:2 | Reached skill level 17 in Armour
 51453 | Vaults:2 | Received a gift from Okawaru
 51720 | Vaults:3 | Received a gift from Okawaru
 51721 | Vaults:3 | Got a twisted hand crossbow {god gift}
 52248 | Vaults:3 | Found a staircase to the Crypt.
 52248 | Vaults:3 | Found an ancient bone altar of Kikubaaqudgha.
 52249 | Vaults:3 | Found a basalt altar of Yredelemnul.
 52452 | Vaults:3 | Reached skill level 18 in Armour
 52595 | Vaults:3 | Reached XP level 21. HP: 171/171 MP: 30/30
 52632 | Vaults:3 | Received a gift from Okawaru
 53735 | Vaults:4 | Reached skill level 19 in Armour
 54556 | Vaults:4 | Received a gift from Okawaru
 54613 | Vaults:4 | Found Jofeucw's Jewellery Shop.
 56160 | Orc:2    | Bought the ring of Qeuroz {rN+ MR+ Str+3} for 427 gold pieces
 56438 | Crypt:1  | Entered Level 1 of the Crypt
 56623 | Crypt:1  | HP: 50/171 [vampire mage/vampiric draining (4)]
 56628 | Crypt:1  | Reached skill level 20 in Armour
 57709 | Crypt:1  | Received a gift from Okawaru
 57805 | Crypt:1  | Received a gift from Okawaru
 57901 | Crypt:1  | Reached XP level 22. HP: 80/178 MP: 28/31
 58628 | Crypt:1  | Reached skill level 21 in Armour
 58658 | Crypt:1  | Found an ancient bone altar of Kikubaaqudgha.
 58898 | Crypt:2  | Received a gift from Okawaru
 59208 | Crypt:2  | Received a gift from Okawaru
 59407 | Crypt:2  | HP: 52/178 [phantasmal warrior[a vampire mage] (12)]
 59415 | Crypt:2  | HP: 49/178 [jiangshi[a vampire mage] (4)]
 59423 | Crypt:2  | HP: 33/178 [vampire mage/vampiric draining (6)]
 59433 | Crypt:2  | HP: 27/178 [phantasmal warrior[a vampire mage] (9)]
 59435 | Crypt:2  | Slain by a phantasmal warrior

Vault maps used:
D:1:      mrwooster_arrival_statue_3
D:2:      uniq_jessica, uniq_natasha
D:3:      yredelemnul_forgotten_temple_becter, uniq_ijyb
D:4:      lemuel_round_altar, marbit_many_paths,
          gammafunk_temple_overflow_statue, first_ration, serial_shops, shop,
          nicolae_shop_behind_doors, nicolae_shop_behind_doors, shop,
          vehumet_altar_wand_db
D:5:      minmay_misc_feat_room
D:6:      nicolae_whirlpool, overflow_temple_1_default, lemuel_doored_altar,
          temple_pool_b
D:7:      overflow_temple_1_default
D:8:      lemuel_crystal_altar, serial_shops, shop, nrook_pool_corridor,
          hangedman_ranch
D:9:      kennysheep_six_static_rooms, nicolae_overflow_hidden_temple,
          grunt_temple_overflow_forces_of_nature, enter_bailey_3, st_stairs_12
D:10:     minmay_misc_feat_roman, uniq_erica, uniq_josephine, uniq_sonja
D:11:     lair_entry_dummy, erik_orc_1
D:12:     grunt_ministairs_6
D:13:     nrook_loot_triangle, minmay_the_grid_square_5x5_3x3_mashed
D:14:     erik_vaults_2, tgw_sif
D:15:     hangedman_depths_entry_civil_slaughter, basic_altar,
          minmay_misc_feat_four_crosses, kennysheep_treasure_room
Temple:   jpeg_temple_alley_garden
Lair:1:   beast_lair_carwin_7, uniq_nergalle
Lair:2:   nicolae_spider_entry_tight_spaces, lab_entry_generic,
          minmay_lair_oklob_items
Lair:3:   minmay_shoals_entry_beasts
Lair:5:   serial_bayou_lagoon_b, infiniplex_staircase_pool
Lair:6:   grunt_lair_end_beastmaster, slime_altar_1,
          grunt_forest_large_clearings, grunt_megastairs_4
Shoals:1: portal_ice_cave_entry_ice_statue_two
Shoals:2: serial_shops, nicolae_shop_stone, uniq_polyphemus, uniq_louise,
          uniq_aizul, uniq_nikola
Shoals:3: nicolae_shoals_kraken_party
Shoals:4: shoals_end_hangedman, shoals_ilsuiw_ice,
          nicolae_shoals_stone_sculpture_thing, nicolae_shoals_drake_roost
Spider:2: hangedman_spider_tarantella_strand, uniq_arachne
Spider:3: uniq_bai_suzhen, uniq_kirke
Spider:4: spider_rune_water, uniq_agnes
Orc:1:    orc_temple, serial_shops, nicolae_shop_waterfront, special_room,
          uniq_erolcha
Orc:2:    st_orc_ogre_mass, uniq_nessos, uniq_azrael
Vaults:1: v_pattern_2, v_alt_pattern_5, nicolae_vaults_angled_halls,
          st_more_cells, v_rooms_2, nicolae_vaults_triangles,
          nicolae_vaults_angled_halls, v_misc_25, grunt_vaults_hallway_short,
          vaults_room_stairs_pillars, nicolae_vaults_alarming,
          nicolae_vaults_little_squares_5
Vaults:2: ontoclasm_vaults_eye, hangedman_vaults_nodes, v_misc_17,
          hangedman_vaults_slither, st_spiral_rooms, hangedman_vaults_trim,
          vaults_dpeg_ring, v_misc_5
Vaults:3: minmay_crypt_entry_necro_gods, nicolae_vaults_shelves_hall,
          nicolae_vaults_twisting_passages, v_rooms_6, hangedman_vaults_trim,
          nicolae_vaults_network_star, hangedman_vaults_stagger,
          vaults_room_semicircle
Vaults:4: v_rooms_1, v_rooms_3, v_misc_26, nicolae_vaults_ring_of_whatevers,
          ontoclasm_vaults_decontamination, vaults_room_corners, v_misc_13,
          ontoclasm_vaults_pinch, serial_shops, shop
Crypt:1:  minmay_skeleton_keep, weyrava_vampire_temple,
          grunt_crypt_arrival_webbed
Crypt:2:  hex_medium, st_small_mortuary
Lab:      nicolae_lab_flowing_pool
Bailey:   bailey_polearm_1, bailey
IceCv:    ice_cave_caverns_01

Skill      XL: |  1  2  3  4  5  6  7  8  9 10 11 12 13 14 15 16 17 18 19 20 21 22 |
---------------+-------------------------------------------------------------------+-----
Fighting       | 1 2 3 4 6 7 9 11 12 13 14 15 16 | 16.0
Armour         | 2 3 4 6 7 9 11 12 13 15 16 18 20 21 | 21.4
Invocations    | 5 8 10 | 10.0
Long Blades    | 3 7 10 12 14 | 14.0
Evocations     | 7 9 10 12 | 12.0
Dodging        | 5 8 11 12 | 12.0
Throwing       | 6 8 11 12 | 12.0
Axes           | |  1.7
Stealth        | |  1.0
Spellcasting   | |  1.0
Fire Magic     | |  1.0
Poison Magic   | |  3.0

Action                   |  1- 3 |  4- 6 |  7- 9 | 10-12 | 13-15 | 16-18 | 19-21 | 22-24 || total
-------------------------+-------+-------+-------+-------+-------+-------+-------+-------++-------
Melee: Dagger            |   133 |     4 |       |       |       |       |       |       ||   137
       Kick              |     8 |    12 |    26 |   212 |   526 |   487 |  1206 |   241 ||  2718
       Hand axe          |       |    35 |    83 |   287 |       |       |       |       ||   405
       Scimitar          |       |       |       |   174 |  1149 |   963 |   332 |       ||  2618
       Punch             |       |       |       |     2 |     9 |     9 |     5 |     1 ||    26
       Hunting sling     |       |       |       |       |     1 |       |       |       ||     1
       Demon blade       |       |       |       |       |       |       |  1750 |   350 ||  2100
 Fire: Hunting sling     |       |   116 |   164 |   284 |   103 |    28 |       |       ||   695
       Blowgun           |       |       |       |       |       |       |     2 |       ||     2
Throw: Stone             |     3 |       |       |       |       |       |       |       ||     3
       Tomahawk          |       |       |       |    15 |    52 |    62 |   114 |       ||   243
       Javelin           |       |       |       |       |    23 |    34 |    12 |     1 ||    70
Invok: Heroism           |       |       |       |    11 |     9 |     8 |    12 |     2 ||    42
       Finesse           |       |       |       |       |     1 |     2 |     1 |       ||     4
Evoke: Wand              |       |       |     5 |    12 |     7 |    30 |    53 |       ||   107
  Use: Scroll            |     4 |     7 |     6 |    10 |    12 |     7 |     2 |       ||    48
       Potion            |       |       |       |     1 |     1 |     6 |     1 |       ||     9
 Stab: Sleeping          |     1 |       |       |       |       |       |       |       ||     1
       Distracted        |       |       |     1 |     5 |     3 |       |    13 |     2 ||    24
       Paralysed         |       |       |       |     1 |     1 |     2 |       |       ||     4
       Petrified         |       |       |       |       |     4 |       |       |       ||     4
       Held in net/web   |       |       |       |       |       |     1 |       |       ||     1
       Invisible         |       |       |       |       |       |    11 |       |       ||    11
  Eat: Chunk             |     1 |     6 |    15 |    20 |    45 |    24 |    43 |     2 ||   156
       Ration            |       |       |       |     3 |     1 |     3 |     3 |     1 ||    11
Armor: Robe              |     8 |       |       |       |       |       |       |       ||     8
       Ring mail         |    46 |    11 |       |       |       |       |       |       ||    57
       Scale mail        |       |     8 |     1 |       |       |       |       |       ||     9
       Chain mail        |       |       |    10 |   277 |   561 |   623 |       |       ||  1471
       Plate armour      |       |       |    87 |    95 |       |       |  1058 |   174 ||  1414
Dodge: Dodged            |    89 |    46 |    54 |   330 |   452 |   675 |  1270 |   162 ||  3078
       Rpst.: Scimitar   |       |       |       |    23 |   117 |   131 |    47 |       ||   318
       Demon blade       |       |       |       |       |       |       |   179 |    32 ||   211

Table legend:
 A = Spawn XP
 B = Non-spawn XP
 C = Spawn XP percentage of total XP
 D = Spawn monster count
 E = Non-spawn monster count
 F = Spawn count percentage of total count
 G = Total turns spent on level
                    A         B        C        D         E        F      G
               +---------+---------+-------+---------+---------+-------+---------
         Total |       0 |  661392 |   0.0 |       0 |    1770 |   0.0 | 59435
               +---------+---------+-------+---------+---------+-------+---------
           D:1 |       0 |      40 |   0.0 |       0 |      25 |   0.0 |  1047
           D:2 |       0 |     257 |   0.0 |       0 |      29 |   0.0 |   680
           D:3 |       0 |      97 |   0.0 |       0 |      19 |   0.0 |   833
           D:4 |       0 |     138 |   0.0 |       0 |      12 |   0.0 |   651
           D:5 |       0 |     317 |   0.0 |       0 |       8 |   0.0 |  1097
           D:6 |       0 |     759 |   0.0 |       0 |      14 |   0.0 |  1163
           D:7 |       0 |     623 |   0.0 |       0 |      17 |   0.0 |   713
           D:8 |       0 |    3258 |   0.0 |       0 |      40 |   0.0 |  1442
           D:9 |       0 |    4932 |   0.0 |       0 |      55 |   0.0 |  1532
          D:10 |       0 |    3968 |   0.0 |       0 |      19 |   0.0 |   865
          D:11 |       0 |    2906 |   0.0 |       0 |      43 |   0.0 |  2496
          D:12 |       0 |    6145 |   0.0 |       0 |      21 |   0.0 |  1008
          D:13 |       0 |   12404 |   0.0 |       0 |      44 |   0.0 |  2021
          D:14 |       0 |   19567 |   0.0 |       0 |      48 |   0.0 |  1061
          D:15 |       0 |   25095 |   0.0 |       0 |      68 |   0.0 |  1583
        Lair:1 |       0 |    4265 |   0.0 |       0 |      20 |   0.0 |  1829
        Lair:2 |       0 |    7377 |   0.0 |       0 |      28 |   0.0 |  1092
        Lair:3 |       0 |    5632 |   0.0 |       0 |      21 |   0.0 |  1557
        Lair:4 |       0 |   12303 |   0.0 |       0 |      31 |   0.0 |  1463
        Lair:5 |       0 |    6192 |   0.0 |       0 |      29 |   0.0 |  1102
        Lair:6 |       0 |   19531 |   0.0 |       0 |      68 |   0.0 |  2209
      Shoals:1 |       0 |   15931 |   0.0 |       0 |      31 |   0.0 |  1338
      Shoals:2 |       0 |   25268 |   0.0 |       0 |      35 |   0.0 |  1633
      Shoals:3 |       0 |   27977 |   0.0 |       0 |      44 |   0.0 |  1774
      Shoals:4 |       0 |   42413 |   0.0 |       0 |      76 |   0.0 |  2239
      Spider:1 |       0 |   14145 |   0.0 |       0 |      40 |   0.0 |  1631
      Spider:2 |       0 |   18164 |   0.0 |       0 |      45 |   0.0 |  1216
      Spider:3 |       0 |   24616 |   0.0 |       0 |      59 |   0.0 |  1433
      Spider:4 |       0 |   38201 |   0.0 |       0 |      91 |   0.0 |  2098
         Orc:1 |       0 |   11779 |   0.0 |       0 |      89 |   0.0 |  2198
         Orc:2 |       0 |   19514 |   0.0 |       0 |      54 |   0.0 |  1549
      Vaults:1 |       0 |   41181 |   0.0 |       0 |      69 |   0.0 |  1601
      Vaults:2 |       0 |   51124 |   0.0 |       0 |      79 |   0.0 |  1764
      Vaults:3 |       0 |   61645 |   0.0 |       0 |     104 |   0.0 |  2655
      Vaults:4 |       0 |   38892 |   0.0 |       0 |      71 |   0.0 |  1592
       Crypt:1 |       0 |   62334 |   0.0 |       0 |     111 |   0.0 |  2482
       Crypt:2 |       0 |   17464 |   0.0 |       0 |      28 |   0.0 |   334
           Lab |       0 |    2292 |   0.0 |       0 |       4 |   0.0 |  2118
        Bailey |       0 |    1295 |   0.0 |       0 |      22 |   0.0 |   703
         IceCv |       0 |   11351 |   0.0 |       0 |      59 |   0.0 |  1530
               +---------+---------+-------+---------+---------+-------+---------

Table legend:
 A = Turns spent in this place as a percentage of turns spent in the entire game.
 B = Non-inter-level travel turns spent in this place as a percentage of non-inter-level travel turns spent in the entire game.
 C = Inter-level travel turns spent in this place as a percentage of turns spent in this place.
 D = Turns resting spent in this place as a percentage of non-inter-level travel turns spent in this place.
 E = Turns spent auto-exploring this place as a percentage of non-inter-level travel turns spent in this place.
 F = Non-inter-level travel turns spent in this place divided by the number of levels of this place that you've seen.
                   A       B       C       D       E      F
               +-------+-------+-------+-------+-------+----------------------
         Total | 100.0 | 100.0 |   8.6 |  26.1 |  28.1 | 1325.4
       Dungeon |  30.6 |  30.4 |   9.3 |  20.8 |  42.4 | 1100.5
        Temple |   0.2 |   0.1 |  35.0 |   0.0 |  44.8 |  67.0
          Lair |  15.6 |  13.7 |  19.5 |  18.4 |  36.0 | 1241.5
        Shoals |  11.8 |  12.0 |   6.4 |  33.8 |  14.8 | 1634.5
   Spider Nest |  10.7 |  11.1 |   5.7 |  40.5 |  17.2 | 1503.0
  Orcish Mines |   6.3 |   6.3 |   9.3 |  31.7 |  11.8 | 1700.0
        Vaults |  12.8 |  13.4 |   4.5 |  22.3 |  35.5 | 1817.5
         Crypt |   4.7 |   5.1 |   2.4 |  32.2 |  20.4 | 1374.0
     Labyrinth |   3.6 |   3.9 |   0.0 |   3.4 |   0.0 | 2118.0
        Bailey |   1.2 |   1.3 |   0.0 |  30.3 |   1.8 | 703.0
      Ice Cave |   2.6 |   2.8 |   0.0 |  58.4 |   0.0 | 1530.0
               +-------+-------+-------+-------+-------+----------------------

Vault maps used:
D:1:      mrwooster_arrival_statue_3
D:2:      uniq_jessica, uniq_natasha
D:3:      yredelemnul_forgotten_temple_becter, uniq_ijyb
D:4:      lemuel_round_altar, marbit_many_paths,
          gammafunk_temple_overflow_statue, first_ration, serial_shops, shop,
          nicolae_shop_behind_doors, nicolae_shop_behind_doors, shop,
          vehumet_altar_wand_db
D:5:      minmay_misc_feat_room
D:6:      nicolae_whirlpool, overflow_temple_1_default, lemuel_doored_altar,
          temple_pool_b
D:7:      overflow_temple_1_default
D:8:      lemuel_crystal_altar, serial_shops, shop, nrook_pool_corridor,
          hangedman_ranch
D:9:      kennysheep_six_static_rooms, nicolae_overflow_hidden_temple,
          grunt_temple_overflow_forces_of_nature, enter_bailey_3, st_stairs_12
D:10:     minmay_misc_feat_roman, uniq_erica, uniq_josephine, uniq_sonja
D:11:     lair_entry_dummy, erik_orc_1
D:12:     grunt_ministairs_6
D:13:     nrook_loot_triangle, minmay_the_grid_square_5x5_3x3_mashed
D:14:     erik_vaults_2, tgw_sif
D:15:     hangedman_depths_entry_civil_slaughter, basic_altar,
          minmay_misc_feat_four_crosses, kennysheep_treasure_room
Temple:   jpeg_temple_alley_garden
Lair:1:   beast_lair_carwin_7, uniq_nergalle
Lair:2:   nicolae_spider_entry_tight_spaces, lab_entry_generic,
          minmay_lair_oklob_items
Lair:3:   minmay_shoals_entry_beasts
Lair:5:   serial_bayou_lagoon_b, infiniplex_staircase_pool
Lair:6:   grunt_lair_end_beastmaster, slime_altar_1,
          grunt_forest_large_clearings, grunt_megastairs_4
Shoals:1: portal_ice_cave_entry_ice_statue_two
Shoals:2: serial_shops, nicolae_shop_stone, uniq_polyphemus, uniq_louise,
          uniq_aizul, uniq_nikola
Shoals:3: nicolae_shoals_kraken_party
Shoals:4: shoals_end_hangedman, shoals_ilsuiw_ice,
          nicolae_shoals_stone_sculpture_thing, nicolae_shoals_drake_roost
Spider:2: hangedman_spider_tarantella_strand, uniq_arachne
Spider:3: uniq_bai_suzhen, uniq_kirke
Spider:4: spider_rune_water, uniq_agnes
Orc:1:    orc_temple, serial_shops, nicolae_shop_waterfront, special_room,
          uniq_erolcha
Orc:2:    st_orc_ogre_mass, uniq_nessos, uniq_azrael
Vaults:1: v_pattern_2, v_alt_pattern_5, nicolae_vaults_angled_halls,
          st_more_cells, v_rooms_2, nicolae_vaults_triangles,
          nicolae_vaults_angled_halls, v_misc_25, grunt_vaults_hallway_short,
          vaults_room_stairs_pillars, nicolae_vaults_alarming,
          nicolae_vaults_little_squares_5
Vaults:2: ontoclasm_vaults_eye, hangedman_vaults_nodes, v_misc_17,
          hangedman_vaults_slither, st_spiral_rooms, hangedman_vaults_trim,
          vaults_dpeg_ring, v_misc_5
Vaults:3: minmay_crypt_entry_necro_gods, nicolae_vaults_shelves_hall,
          nicolae_vaults_twisting_passages, v_rooms_6, hangedman_vaults_trim,
          nicolae_vaults_network_star, hangedman_vaults_stagger,
          vaults_room_semicircle
Vaults:4: v_rooms_1, v_rooms_3, v_misc_26, nicolae_vaults_ring_of_whatevers,
          ontoclasm_vaults_decontamination, vaults_room_corners, v_misc_13,
          ontoclasm_vaults_pinch, serial_shops, shop
Crypt:1:  minmay_skeleton_keep, weyrava_vampire_temple,
          grunt_crypt_arrival_webbed
Crypt:2:  hex_medium, st_small_mortuary
Lab:      nicolae_lab_flowing_pool
Bailey:   bailey_polearm_1, bailey
IceCv:    ice_cave_caverns_01
